 Dungeon Crawl Stone Soup version 0.30-a0-1075-gcd70e7a56d (webtiles) character file.

Game seed: 16384624787917896762

39 holysushi the Conjurer (level 3, -2/24 HPs)
             Began as a Demonspawn Conjurer on Apr 15, 2023.
             Slain by a gnoll
             ... wielding a +0 whip
              (4 damage)
             ... on level 2 of the Dungeon.
             The game lasted 00:02:17 (1090 turns).

holysushi the Conjurer (Demonspawn Conjurer)        Turns: 1090, Time: 00:02:18

Health: -2/24      AC:  3    Str:  7    XL:     3   Next: 26%
Magic:  4/7        EV: 12    Int: 21    God:
Gold:   116        SH:  0    Dex: 11    Spells: 2/8 levels left

rFire   . . .      SeeInvis .    c - +0 dagger
rCold   . . .      Faith    .    (no shield)
rNeg    . . .      Spirit   .    a - +0 robe
rPois   .          Reflect  .    (no helmet)
rElec   .          Rampage  .    (no cloak)
rCorr   .                        e - +0 pair of gloves
Will    .....                    (no boots)
Stlth   ++                       (no amulet)
HPRegen 0.24/turn                (no ring)
MPRegen 0.10/turn                (no ring)

@: lethally poisoned (-2 -> -7)
A: demonic touch 1
a: no special abilities


You were on level 2 of the Dungeon.
You visited 1 branch of the dungeon, and saw 2 of its levels.

You collected 116 gold pieces.

Inventory:

Hand Weapons
 c - a +0 dagger (weapon)
 g - a +0 rapier
Armour
 a - a +0 robe (worn)
 e - a +0 pair of gloves (worn)
Scrolls
 d - a scroll of summoning {unknown}
 i - a scroll of silence {unknown}
 j - a scroll of torment {unknown}
Potions
 b - a potion of magic
 f - 2 potions of curing
 h - a potion of mutation {unknown}


   Skills:
 + Level 0.9 Short Blades
 - Level 1.7 Dodging
 - Level 1.7 Stealth
 - Level 3.3 Spellcasting
 - Level 4.0 Conjurations


You had 2 spell levels left.
You knew the following spells:

 Your Spells              Type           Power      Damage    Failure   Level
a - Magic Dart            Conj           80%        1d7       2%          1
b - Searing Ray           Conj           40%        2d5       3%          2
c - Dazzling Flash        Conj/Hex       22%        N/A       17%         3

Your spell library contained the following spells:

 Spells                   Type           Power      Damage    Failure   Level
 Fulminant Prism          Conj/Hex       5%         3d7       50%         4
 Iskenderun's Mystic Bla  Conj/Tloc      11%        2d4       50%         4


Dungeon Overview and Level Annotations

Branches:
Dungeon (2/15) Zot: 10910

Altars:

Annotations:
D:2 Terence


Innate Abilities, Weirdness & Mutations

Your touch may inflict minor irresistible damage on your foes.


Message History

The gnoll shouts!
The adder bites you but does no damage. The adder bites you.
You are poisoned.
The adder poisons you!
You feel sick.
A gnoll comes into view. It is wielding a +0 halberd.
You see here a rat corpse.
The adder attacks as you move away! The adder misses you.
You feel sick.
You feel sick.
You feel sick.
A gnoll comes into view. It is wielding a +0 flail.
The adder bites you but does no damage.
You feel sick.
You are no longer poisoned.
Casting: Magic Dart (safe; 2% risk of failure)
Confirm with . or Enter, or press ? or * to list all spells.
Aiming: Searing Ray (safe; 3% risk of failure)
Press: ? - help, Shift-Dir - straight line, f - adder
Aim: an adder (63% to hit)
The searing ray hits the adder.
The adder is heavily wounded.
The searing ray hits the gnoll!
The gnoll is severely wounded.
The searing ray hits the dart slug!
The dart slug is almost dead. (Press . to maintain the ray.)
The adder bites you. x2
You are poisoned.
The adder poisons you!
The searing ray hits the adder.
The adder is severely wounded.
The searing ray hits the dart slug.
You kill the dart slug!
The searing ray hits the hobgoblin.
The hobgoblin is moderately wounded.
You feel sick. The gnoll hits you with a +0 whip!
* * * LOW HITPOINT WARNING * * *
The adder barely misses you. The gnoll attacks as you move away!
The gnoll hits you with a +0 whip.
You die...

#.# #.# .#.#
##...###.# .....
.
#.....##<###....#
..
#..............#
#.
#.†........#.#..
#..###...####.##
##.......$.# #..#
...........###..#
#....†.wgS@..#
#........g#g#.##
###.......#....#
#..g....####...
#.......# ####
###.....#
#.......
[.g.#....


You could see 3 gnolls, an adder, a dart slug and a hobgoblin.

Vanquished Creatures
  3 dart slugs
  3 bats (D:1)
  An endoplasm (D:1)
  2 giant cockroaches (D:1)
  6 goblins (D:1)
  3 hobgoblins (D:1)
  2 jackals (D:1)
  2 quokkas
  2 frilled lizards (D:1)
  A kobold (D:1)
  3 rats
28 creatures vanquished.

Notes
Turn   | Place    | Note
-------+----------+-------------------------------------------
     0 | D:1      | holysushi the Demonspawn Conjurer began the quest for the
                  | Orb.
     0 | D:1      | Reached XP level 1. HP: 13/13 MP: 3/3
   276 | D:1      | Gained mutation: Your touch may inflict minor irresistible
                  | damage on your foes. [demonic ancestry]
   276 | D:1      | Reached XP level 2. HP: 19/19 MP: 2/5
   598 | D:1      | Reached XP level 3. HP: 24/24 MP: 7/7
   913 | D:2      | Noticed Terence
  1049 | D:1      | Learned a level 2 spell: Searing Ray
  1053 | D:1      | Learned a level 3 spell: Dazzling Flash
  1090 | D:2      | Slain by a gnoll

Illustrated notes

Levels and vault maps discovered:
D:1:      dpeg_arrival_rhombi, layout_loops_ring, serial_glass, glass_columns_a,
          glass_columns_c
D:2:      layout_loops_ring, serial_shops, shop, basic_altar, minmay_between,
          uniq_jessica, uniq_terence

Skill      XL: |  1  2 |
---------------+-------+-----
Spellcasting   | 3 |  3.3
Short Blades   | |  0.9
Dodging        | |  1.7
Stealth        | |  1.7
Conjurations   | |  4.0

Action                     || total
---------------------------++-------
  Melee: Unarmed           ||     9
         Dagger            ||    45
         Touch             ||    12
   Cast: Magic Dart        ||    16
         Searing Ray       ||     1
   Stab: Sleeping          ||     4
 Armour: Robe              ||    17
  Dodge: Dodged            ||    43

Table legend: (Time is in decaauts)
 A = Elapsed time spent in this place.
 B = Non-inter-level travel time spent in this place.
 C = Inter-level travel time spent in this place.
 D = Time resting spent in this place.
 E = Time spent auto-exploring this place.
 F = Levels seen in this place.
 G = Mean time per level.
                   A        B        C        D        E       F      G
               +--------+--------+--------+--------+--------+-----+--------+
         Total |   1089 |   1040 |     49 |    217 |    535 |   2 |  544.5 |
       Dungeon |   1089 |   1040 |     49 |    217 |    535 |   2 |  544.5 |
               +--------+--------+--------+--------+--------+-----+--------+

Top non-repeatable levels by time:
     D:1: 981 daAuts
     D:2: 108 daAuts
